 Dungeon Crawl Stone Soup version 0.32-a0-861-g165e151e72 (webtiles) character file.

Game seed: 13891789519661994010

47490 Ajdolov the Destroyer (level 14, -5/121 HPs)
             Began as a Ghoul Ice Elementalist on Mar 28, 2024.
             Was an Elder of Vehumet.
             Slain by a death yak (21 damage)
             ... on level 4 of the Lair of Beasts.
             The game lasted 00:58:19 (22550 turns).

Ajdolov the Destroyer (Ghoul Ice Elementalist)     Turns: 22550, Time: 00:58:19

Health: -5/121     AC: 11    Str: 16    XL:     14   Next: 42%
Magic:  13/26      EV: 11    Int: 21    God:    Vehumet [****..]
Gold:   1075       SH:  0    Dex:  9    Spells: 5/30 levels left

rFire   + . .        j - staff of fire
rCold   + . .        (no shield)
rNeg    + + +        J - +1 robe of Elyvilon's Whim {Str+5}
rPois   ∞            V - +2 helmet {SInv}
rElec   +            r - +0 cloak
rCorr   .            e - +2 pair of gloves
SInv    +            C - +0 pair of boots
Will    +....        P - amulet of magic regeneration
Stlth   +++          h - ring of the Camelopard {Fly rElec Str-2 Int+3 Stlth+}
HPRegen 0.00/turn    Q - ring of wizardry
MPRegen 0.60/turn

%: wizardry (x1)
@: flying, inhibited regen
A: claws 1, cold resistance 1, negative energy resistance 3, inhibited
regeneration, torment resistance 2, devour on kill
a: Renounce Religion


You were on level 4 of the Lair of Beasts.
You worshipped Vehumet.
Vehumet was greatly pleased with you.
You visited 3 branches of the dungeon, and saw 17 of its levels.
You also visited: Volcano.

You collected 1075 gold pieces.

Inventory:

Missiles
 k - 10 curare-tipped darts
 O - 2 throwing nets
Armour
 e - a +2 pair of gloves (worn)
 r - a +0 cloak (worn)
 C - a +0 pair of boots (worn)
 J - the +1 robe of Elyvilon's Whim (worn) {Str+5}
   (You found it on level 1 of the Lair of Beasts)

   Str+5:     It affects your strength (+5).
 V - a +2 helmet of see invisible (worn)
Magical Staves
 j - a staff of fire (weapon)
Jewellery
 a - a ring of resist corrosion
 h - the ring of the Camelopard (left hand) {Fly rElec Str-2 Int+3 Stlth+}
   (You acquired it on level 3 of the Lair of Beasts)

   [ring of flight]

   Str-2:     It affects your strength (-2).
   Int+3:     It affects your intelligence (+3).
   rElec:     It insulates you from electricity.
   Fly:       It grants you flight.
   Stlth+:    It makes you more stealthy.
 m - a ring of willpower
 P - an amulet of magic regeneration (around neck)
 Q - a ring of wizardry (right hand)
Wands
 g - a wand of mindburst (3)
 s - a wand of warping (21)
 y - a wand of flame (62)
 M - a wand of digging (7)
 R - a wand of quicksilver (4)
Scrolls
 d - 3 scrolls of blinking
 f - 8 scrolls of amnesia
 o - 2 scrolls of teleportation
 t - a scroll of revelation
 u - a scroll of poison
 x - 3 scrolls of enchant weapon
 D - 4 scrolls of immolation
 H - 2 scrolls of noise
 S - a scroll of brand weapon
Potions
 b - 4 potions of magic
 c - 2 potions of cancellation {unknown}
 n - 9 potions of curing
 p - 2 potions of haste
 q - a potion of attraction
 v - 4 potions of enlightenment
 w - a potion of berserk rage {unknown}
 z - 2 potions of invisibility {unknown}
 A - 2 potions of resistance {unknown}
 B - 3 potions of mutation {unknown}
 K - 4 potions of degeneration {unknown}
 L - a potion of might {unknown}
 Y - 2 potions of heal wounds
 Z - 2 potions of brilliance {unknown}


   Skills:
 - Level 10.0 Fighting
 - Level 1.7 Dodging
 - Level 2.1 Stealth
 - Level 8.8 Spellcasting
 - Level 14.2 Conjurations
 - Level 10.0 Ice Magic
 * Level 6.2 Air Magic
 - Level 5.0 Evocations


You had 5 spell levels left.
You knew the following spells:

 Your Spells              Type           Power      Damage    Failure   Level
a - Freeze                Ice            100%       1d10      1%          1
b - Frozen Ramparts       Ice            100%       1d16      1%          3
c - Summon Ice Beast      Ice/Summ       30%        N/A       1%          3
d - Ozocubu's Armour      Ice            50%        N/A       1%          3
e - Flame Wave            Conj/Fire      56%        2d13      1%          4
f - Scorch                Fire           26%        2d6       1%          2
g - Iskenderun's Mystic Conj/Tloc 39%            2d9        (+2d4     1%          4
h - Arcjolt               Conj/Air       25%        1d35      1%          5

Your spell library contained the following spells:

 Spells                   Type           Power      Damage    Failure   Level
 Ensorcelled Hibernation  Hex/Ice        60%        N/A       1%          2
 Swiftness                Air            35%        N/A       1%          3
 Summon Small Mammal      Summ           36%        N/A       3%          1
 Call Canine Familiar     Summ           9%         N/A       9%          3
 Passwall                 Erth           9%         N/A       9%          3
 Summon Blazeheart Golem  Fire/Summ      13%        N/A       28%         4
 Summon Mana Viper        Hex/Summ       9%         N/A       58%         5
 Summon Cactus Giant      Summ           4%         N/A       98%         6
 Monstrous Menagerie      Summ           4%         N/A       100%        7


Dungeon Overview and Level Annotations

Branches:
Dungeon (11/15)            Temple (1/1) D:5            Lair (5/5) D:9
 Shoals (0/4) Lair:3        Snake (0/4) Lair:3        Slime (0/5) Lair:4
    Orc (0/2) D:10        Volcano (visited)

Altars:
Ashenzari
Cheibriados
Dithmenos
Fedhas
Gozag
Hepliaklqana
Kikubaaqudgha
Makhleb
Nemelex Xobeh
Okawaru
Qazlal
Ru
Sif Muna
Trog
Uskayaw
Vehumet
Wu Jian
Xom
Yredelemnul
Jiyva

Shops:
D:5 =

Annotations:
D:6 2 transporters
D:7 1 runed translucent door, Crazy Yiuf
D:11 Sonja


Innate Abilities, Weirdness & Mutations

You are immune to poison.
You have sharp fingernails.
Your flesh is cold resistant. (rC+)
You are immune to negative energy. (rN+++)
You do not regenerate when monsters are visible.
You are immune to unholy pain and torment.
You thrive by killing the living.


Message History

A wave of flame ripples out!
The flame wave engulfs the death yak!
The death yak is severely wounded.
The flame wave engulfs the death yak but does no damage.
The death yak is moderately wounded.
You finish channelling waves of flame.
The death yak gores you. The death yak gores you!!
Unknown command.
Casting: Flame Wave (safe; 1% risk of failure)
Confirm with . or Enter, or press ? or * to list all spells.
Casting: Flame Wave (safe; 1% risk of failure)
Press: ? - help, Dir - look around, f - activate You feel a surge of power!
A wave of flame ripples out!
The flame wave engulfs the death yak but does no damage.
The death yak is severely wounded.
The flame wave engulfs the death yak.
The death yak is heavily wounded. (Press . to intensify the flame waves.)
The death yak gores you but does no damage.
The death yak barely misses you.
A wave of flame ripples out!
The flame wave engulfs the death yak.
The death yak is severely wounded.
The flame wave engulfs the death yak.
The death yak is heavily wounded.
The death yak gores you. The death yak barely misses you.
Unknown command.
A wave of flame ripples out!
The flame wave engulfs the death yak!
The death yak is almost dead.
The flame wave engulfs the death yak!!
The death yak is severely wounded.
The death yak gores you!!
* * * LOW HITPOINT WARNING * * *
The death yak barely misses you.
A wave of flame ripples out!
The flame wave engulfs the death yak.
The death yak is almost dead.
The flame wave engulfs the death yak.
The death yak is severely wounded.
You finish channelling waves of flame.
The death yak gores you!
* * * LOW HITPOINT WARNING * * *
The death yak gores you!!
You die...

.....................>.......##
.........[..........._.......##
............<....##.....#.....#
.................###...##.....#
.................###...##....##
..........>..................#
.............................##
..............................#
###..####.......@Y...........##
#.#.####........Y............#
##..##.##....................##
..............................#
..............................#
..............................#
######.##.#.##.#..P#######P#P.#
############### ######


You could see 2 death yaks.

Vanquished Creatures
  Snorg (D:10)
  Josephine (Lair:4)
  Harold (D:10)
  3 hydras
  A boulder beetle (Lair:4)
  Urug (D:11)
  11 death yaks
  Nergalle (D:11)
  A fire crab (Lair:4)
  Amaemon (Lair:1)
  An ugly thing (D:9)
  6 elephants (Lair:2)
  A toenail golem (Volcano)
  8 black mambas
  2 molten gargoyles (Volcano)
  An orange demon (Lair:1)
  5 cane toads
  A kobold demonologist (D:9)
  2 rime drakes
  3 trolls
  7 komodo dragons
  2 efreet (Volcano)
  3 hornets
  A polar bear (Lair:3)
  24 blink frogs
  Sigmund (D:6)
  2 slime creatures (Lair:4)
  4 dream sheep
  A shadow (D:11)
  3 wyverns
  3 wraiths (Lair:4)
  3 fire elementals (Volcano)
  2 spriggans
  Eustachio (D:6)
  20 yaks
  4 basilisks
  2 vampire mosquitoes (D:11)
  27 water moccasins
  3 orc warriors
  2 boggarts (Lair:5)
  2 ogres (D:5)
  17 wolves
  2 centaurs
  4 kobold brigands
  Blork the orc (D:6)
  11 bullfrogs
  A scorpion (D:6)
  An earth elemental (Lair:3)
  10 wights
  9 killer bees
  2 electric eels (Lair:2)
  A hound (D:4)
  A jelly (Lair:4)
  4 orc priests
  Jessica (D:2)
  5 hell rats (Lair:2)
  2 iguanas
  6 orc wizards
  Natasha (thrice) (D:4)
  4 gnolls
  6 adders
  3 dart slugs
  2 ribbon worms (D:2)
  29 orcs
  4 bats
  7 endoplasms
  2 giant cockroaches
  3 goblins
  6 hobgoblins
  8 jackals (D:1)
  4 quokkas
  3 ball pythons
  2 frilled lizards
  26 kobolds
  5 rats
  A butterfly (Lair:2)
365 creatures vanquished.

Vanquished Creatures (collateral kills)
  Erica (D:10)
  A two-headed ogre (D:10)
  A blink frog (Lair:4)
  A hornet (Lair:5)
  A dream sheep (Lair:4)
  A wraith (D:10)
  A wyvern (D:8)
  4 yaks
  A steam dragon (D:8)
  An orc warrior (D:9)
  An ice beast (D:5)
  3 wolves
  A kobold brigand (D:9)
  A bullfrog (D:6)
  A wight (D:6)
  2 killer bees (D:8)
  2 jellies
  An orc priest (D:11)
  A sleepcap (D:7)
  An iguana (D:5)
  An orc wizard (D:11)
  A hell rat (Lair:2)
  A white imp (D:6)
  8 orcs
  6 kobolds
44 creatures vanquished.

Grand Total: 409 creatures vanquished

Notes
Turn   | Place    | Note
-------+----------+-------------------------------------------
     0 | D:1      | Ajdolov the Ghoul Ice Elementalist began the quest for the
                  | Orb.
     0 | D:1      | Reached XP level 1. HP: 14/14 MP: 3/3
   185 | D:1      | You fall into a shaft and drop 1 floor!
   193 | D:2      | Noticed Jessica
   203 | D:2      | Killed Jessica
   204 | D:2      | Reached skill level 5 in Ice Magic
   204 | D:2      | Reached XP level 2. HP: 20/20 MP: 1/5
   204 | D:2      | Reached XP level 3. HP: 26/26 MP: 1/6
   374 | D:2      | Learned a level 3 spell: Frozen Ramparts
   450 | D:2      | Found an ornate altar of the Wu Jian Council.
  1082 | D:1      | Reached XP level 4. HP: 33/33 MP: 4/7
  1952 | D:3      | Found an ornate altar of the Wu Jian Council.
  2293 | D:3      | Reached XP level 5. HP: 37/38 MP: 3/9
  2745 | D:3      | HP: 1/38 [gnoll/+0 whip (6)]
  2850 | D:4      | Reached XP level 6. HP: 32/45 MP: 6/10
  2965 | D:4      | Noticed Natasha
  3073 | D:4      | Killed Natasha
  3085 | D:4      | Noticed Natasha
  3116 | D:4      | Killed Natasha
  3390 | D:4      | Noticed Natasha
  3395 | D:4      | Killed Natasha
  3729 | D:5      | Entered Level 5 of the Dungeon
  3729 | D:5      | Found a staircase to the Ecumenical Temple.
  3738 | Temple   | Entered the Ecumenical Temple
  3864 | D:5      | Reached XP level 7. HP: 50/50 MP: 8/12
  4158 | D:4      | Learned a level 3 spell: Summon Ice Beast
  4297 | D:5      | Found Qaraatho's Jewellery Shoppe.
  4974 | D:6      | Found a transporter.
  4981 | D:6      | Noticed a kobold demonologist
  5003 | D:6      | Noticed a kobold demonologist
  5021 | D:6      | Reached XP level 8. HP: 51/57 MP: 6/14
  5075 | D:6      | Found a transporter.
  5104 | D:6      | Reached skill level 1 in Evocations
  5313 | D:6      | Reached skill level 5 in Spellcasting
  5643 | D:6      | Noticed Eustachio
  5722 | D:6      | Noticed Blork the orc
  5732 | D:6      | Killed Blork the orc
  5775 | D:6      | Killed Eustachio
  6088 | D:6      | Noticed Sigmund
  6095 | D:6      | Killed Sigmund
  6096 | D:6      | Reached XP level 9. HP: 45/62 MP: 12/18
  7000 | D:7      | Reached skill level 5 in Evocations
  7131 | D:7      | Found a runed translucent door.
  7132 | D:7      | Noticed Crazy Yiuf
  7277 | D:8      | Learned a level 3 spell: Ozocubu's Armour
  7739 | D:8      | Reached skill level 1 in Fighting
  8267 | D:9      | Noticed a kobold demonologist
  8286 | D:9      | Noticed a hellwing
  8287 | D:9      | Reached XP level 10. HP: 51/73 MP: 15/22
  8288 | D:9      | Killed a kobold demonologist
  8523 | D:9      | Found a staircase to the Lair.
  8524 | D:9      | Noticed a cyan ugly thing
  8538 | D:9      | Found an opulent altar of Gozag.
  8695 | D:9      | Killed a cyan ugly thing
  8696 | D:9      | Reached skill level 5 in Fighting
  8874 | D:9      | Found a bloodstained altar of Trog.
  9654 | D:10     | Entered Level 10 of the Dungeon
  9654 | D:10     | Found a basalt altar of Yredelemnul.
  9746 | D:10     | Noticed Snorg
  9779 | D:10     | Found a staircase to the Orcish Mines.
  9844 | D:10     | Noticed Harold
  9857 | D:10     | Killed Harold
  9858 | D:10     | Reached skill level 10 in Ice Magic
 10053 | D:10     | Killed Snorg
 10103 | D:10     | Found a radiant altar of Vehumet.
 10111 | D:10     | Reached XP level 11. HP: 68/95 MP: 17/23
 10118 | D:10     | Became a worshipper of Vehumet
 10184 | D:10     | Noticed a two-headed ogre
 10190 | D:10     | Killed a two-headed ogre
 10311 | D:10     | Found a broken altar of Ashenzari.
 10558 | D:10     | Noticed Erica
 10578 | D:10     | Killed Erica
 10579 | D:10     | Reached skill level 10 in Fighting
 10579 | D:10     | Reached skill level 1 in Conjurations
 10837 | D:10     | Reached skill level 2 in Conjurations
 10961 | D:11     | Reached skill level 3 in Conjurations
 11070 | D:11     | Noticed Urug
 11118 | D:11     | HP: 3/99 [Urug/+0 war axe (13)]
 11123 | D:11     | Killed Urug
 11124 | D:11     | Reached skill level 4 in Conjurations
 11647 | D:11     | Reached skill level 5 in Conjurations
 11850 | D:11     | Noticed Nergalle
 11861 | D:11     | Killed Nergalle
 11861 | D:11     | Reached * piety under Vehumet
 11861 | D:11     | Offered knowledge of Sandblast by Vehumet.
 12009 | D:11     | Reached skill level 6 in Conjurations
 12215 | D:11     | Noticed Sonja
 12420 | Lair:1   | Entered Level 1 of the Lair of Beasts
 12444 | Lair:1   | Identified the +1 robe of Elyvilon's Whim {Str+5}
 12508 | Lair:1   | Reached skill level 7 in Conjurations
 12661 | Lair:1   | Noticed Amaemon
 12678 | Lair:1   | Reached XP level 12. HP: 85/106 MP: 13/24
 12681 | Lair:1   | Killed Amaemon
 13033 | Lair:1   | Reached skill level 8 in Conjurations
 13303 | Lair:1   | Identified the +0 ring mail of Gallantry {rElec Regen+
                  | Str+5 Stlth-}
 13598 | Lair:2   | Reached skill level 9 in Conjurations
 13664 | Lair:2   | Offered knowledge of Shock by Vehumet.
 13755 | Lair:2   | Reached ** piety under Vehumet
 14115 | Lair:2   | Reached skill level 10 in Conjurations
 14770 | Lair:2   | Reached skill level 11 in Conjurations
 15246 | D:5      | Learned a level 4 spell: Flame Wave
 15533 | Lair:3   | Reached XP level 13. HP: 91/113 MP: 10/25
 15543 | Lair:3   | Offered knowledge of Dazzling Flash by Vehumet.
 15633 | Lair:3   | Found a staircase to the Snake Pit.
 15656 | Lair:3   | Reached skill level 12 in Conjurations
 15778 | Lair:3   | Found a staircase to the Shoals.
 15809 | Lair:3   | Reached *** piety under Vehumet
 15963 | Lair:3   | Found a dark tunnel.
 16176 | Volcano  | Entered a volcano
 16176 | Volcano  | Found an iron altar of Okawaru.
 17733 | Lair:3   | Learned a level 2 spell: Scorch
 17746 | Lair:3   | Reached skill level 13 in Conjurations
 18277 | Lair:4   | Offered knowledge of Iskenderun's Mystic Blast by Vehumet.
 18288 | Lair:4   | Learned a level 4 spell: Iskenderun's Mystic Blast
 19277 | Lair:4   | Found a staircase to the Slime Pits.
 19277 | Lair:4   | Found a viscous altar of Jiyva.
 19566 | Lair:5   | Entered Level 5 of the Lair of Beasts
 19732 | Lair:4   | Reached skill level 14 in Conjurations
 19989 | Lair:5   | Reached **** piety under Vehumet
 20000 | Lair:5   | Offered knowledge of Arcjolt by Vehumet.
 20221 | Lair:4   | Learned a level 5 spell: Arcjolt
 20229 | Lair:5   | Reached XP level 14. HP: 114/121 MP: 10/26
 20271 | Lair:4   | Reached skill level 1 in Air Magic
 20332 | Lair:4   | Noticed Josephine
 20344 | Lair:4   | Killed Josephine
 21089 | Lair:3   | Identified a scroll of acquirement
 21089 | Lair:3   | Acquired the ring of the Camelopard {Fly rElec Str-2 Int+3
                  | Stlth+}
 22063 | Lair:5   | Reached skill level 5 in Air Magic
 22550 | Lair:4   | Slain by a death yak

Illustrated notes

Levels and vault maps discovered:
D:1:      minmay_arrival_jagged, layout_basic
D:2:      layout_rooms, basic_altar, columned_hall_lemuel, nrook_mini_vaults,
          kennysheep_another_room, uniq_jessica
D:3:      layout_basic, nicolae_wu_jian_immortal_techniques
D:4:      layout_cave_pools, serial_rivers, chequers_serial_rivers_room_b,
          chequers_serial_rivers_micro_d, chequers_serial_rivers_micro_a,
          chequers_serial_rivers_small_b, uniq_natasha
D:5:      layout_gridville, minmay_temple_entry_grid, serial_glass,
          glass_columns_a, glass_columns_b, glass_columns_a, glass_columns_b,
          glass_columns_a, glass_columns_b, glass_columns_a, glass_columns_a,
          glass_columns_a, glass_columns_a, due_unseen_surprise, serial_shops,
          nicolae_lakefront_shop, corexii_corridor_pit
D:6:      gammafunk_wand_slinger, layout_basic, general_overflow_altar,
          uniq_eustachio, uniq_blork_the_orc, uniq_sigmund
D:7:      layout_gridville, uniq_crazy_yiuf_cottage
D:8:      layout_loops_ring
D:9:      layout_irregular_city, lemuel_tele_altar,
          mainiacjoe_overflow_alcove_2, dpeg_oklobed_lair,
          hangedman_abyss_or_decor_stagger
D:10:     layout_basic, mainiacjoe_overflow_catch_the_wave,
          mainiacjoe_overflow_alcove_1, orc_0_dummy, minmay_crystal_water,
          uniq_harold, uniq_snorg, uniq_erica
D:11:     layout_gridville, uniq_sonja, uniq_nergalle, uniq_urug
Temple:   hellmonk_temple_of_storms
Lair:1:   layout_layer_cave, uniq_amaemon
Lair:2:   layout_cave_shapes, serial_bayou_shore_b, infiniplex_staircase_pool,
          serial_bayou_shore_a, lemuel_fruit_tree, lemuel_fruit_fields
Lair:3:   layout_misc_corridors, elwin_shoals_entry_rocks,
          minmay_snake_entry_six_corridors, nicolae_volcano_entry_two_sided
Lair:4:   layout_long_grid, minmay_slime_entry_pillars, minmay_holes,
          serial_bayou_pond_b, uniq_josephine
Lair:5:   minmay_lair_end_enchanted_forest, layout_small_grid

Skill      XL: |  1  2  3  4  5  6  7  8  9 10 11 12 13 14 |
---------------+-------------------------------------------+-----
Spellcasting   | 2 3 4 6 8 |  8.8
Ice Magic      | 5 6 8 9 10 | 10.0
Evocations     | 4 5 |  5.0
Fighting       | 2 8 10 | 10.0
Conjurations   | 7 11 14 | 14.2
Air Magic      | 6 |  6.2
Dodging        | |  1.7
Stealth        | |  2.1

Action                     |  1- 3 |  4- 6 |  7- 9 | 10-12 | 13-15 || total
---------------------------+-------+-------+-------+-------+-------++-------
  Melee: Dagger            |    19 |    34 |    46 |       |       ||    99
         Trident           |       |       |    19 |   257 |    12 ||   288
         Staff             |       |       |       |       |    39 ||    39
  Throw: Dart              |       |     6 |     1 |    10 |     2 ||    19
         Throwing net      |       |       |       |     1 |       ||     1
   Cast: Freeze            |    31 |    78 |    33 |     6 |    62 ||   210
         Frozen Ramparts   |     1 |    12 |    16 |    56 |    32 ||   117
         Summon Ice Beast  |       |       |    24 |    42 |    31 ||    97
         Ozocubu's Armour  |       |       |     1 |    23 |    18 ||    42
         Flame Wave        |       |       |       |     5 |    44 ||    49
         Scorch            |       |       |       |       |   134 ||   134
         Iskenderun's Myst |       |       |       |       |    11 ||    11
         Arcjolt           |       |       |       |       |    12 ||    12
  Evoke: Wand              |       |       |    25 |    10 |     8 ||    43
    Use: Potion            |       |     1 |       |     4 |       ||     5
         Scroll            |       |       |     7 |     2 |    18 ||    27
   Stab: Paralysed         |       |       |    24 |       |       ||    24
         Distracted        |       |       |       |       |     2 ||     2
 Armour: Robe              |    19 |    74 |    78 |   299 |   359 ||   829
  Dodge: Dodged            |    26 |    74 |    42 |   210 |   188 ||   540

Table legend: (Time is in decaauts)
 A = Elapsed time spent in this place.
 B = Non-inter-level travel time spent in this place.
 C = Inter-level travel time spent in this place.
 D = Time resting spent in this place.
 E = Time spent auto-exploring this place.
 F = Levels seen in this place.
 G = Mean time per level.
                   A        B        C        D        E       F      G
               +--------+--------+--------+--------+--------+-----+--------+
         Total |  22709 |  21224 |   1485 |   4488 |  12670 |  18 | 1261.6 |
       Dungeon |  12734 |  11676 |   1058 |    983 |   8518 |  11 | 1157.6 |
        Temple |      6 |      6 |      0 |      0 |      0 |   1 |    6.0 |
          Lair |   8938 |   8511 |    427 |   2674 |   4152 |   5 | 1787.6 |
       Volcano |   1030 |   1030 |      0 |    831 |      0 |   1 | 1030.0 |
               +--------+--------+--------+--------+--------+-----+--------+

Top non-repeatable levels by time:
  Lair:4: 3614 daAuts
  Lair:3: 2181 daAuts
  Lair:2: 1623 daAuts
    D:10: 1560 daAuts
     D:6: 1443 daAuts
  Lair:1: 1292 daAuts
     D:5: 1292 daAuts
    D:11: 1217 daAuts
     D:3: 1202 daAuts
     D:9: 1170 daAuts
     D:4: 1103 daAuts
     D:7: 1060 daAuts
     D:8: 1053 daAuts
 Volcano: 1030 daAuts
     D:1: 849 daAuts
